[Event "Team 45 45 League T43"]
[Site "Internet Chess Club"]
[Date "2009.11.29"]
[Round "5"]
[White "guyd52"]
[Black "bajerk"]
[Result "1-0"]
[WhiteElo "1353"]
[BlackElo "1359"]
[Opening "Réti opening"]
[ECO "A04"]
[Time "07:01:15"]
[TimeControl "2700+45"]

1. Nf3 d6 2. g3 e5 3. d3 h6 4. Bg2 Nf6 5. O-O Be6 6. c4 Qd7 7. Nbd2 Nc6 8. b4
Nxb4 9. a3 Na6 10. Rb1 c5 11. Nxe5 dxe5 12. Bxb7 Rd8 13. Bxa6 Qd6 14. Qa4+ Nd7
15. Ne4 Qe7 16. Bd2 f5 17. Ba5 fxe4 18. Bxd8 Kxd8 19. Qa5+ Nb6 20. dxe4 Qc7 21.
Rfd1+ Bd6 22. Rb5 Ke7 23. Rb3 Kf6 24. Rbd3 Rd8 25. Qc3 Qc6 26. Bb5 Qc7 27. f4
Ke7 28. f5 Bf7 29. Qc1 Bh5 30. R1d2 Qb7 31. Re3 a6 32. Qd1 axb5 33. cxb5 Nc4 34.
Rxd6 Rxd6 35. Rd3 Qxb5 36. Rb3 Qc6 37. Qc2 Rd4 38. a4 Qxa4 39. Rb7+ Kf6 40. Qxa4
Bxe2 41. Qc6+ Kg5 42. Rxg7+ Kh5 43. Qe8# {Black checkmated} 1-0

[Event "Team 45 45 League T43"]
[Site "Internet Chess Club"]
[Date "2009.11.29"]
[Round "5"]
[White "wrimle"]
[Black "WilmaP"]
[Result "1-0"]
[WhiteElo "1536"]
[BlackElo "1202"]
[Opening "French: advance variation"]
[ECO "C02"]
[Time "15:00:39"]
[TimeControl "2700+45"]

1. e4 e6 2. d4 d5 3. e5 c5 4. c3 c4 5. Nf3 Nc6 6. Be2 Nge7 7. b3 a5 8. bxc4 dxc4
9. Bxc4 Nf5 10. Ba3 Bxa3 11. Nxa3 O-O 12. O-O Rb8 13. Nb5 Qe7 14. Bd3 Bd7 15. a4
Rbc8 16. g4 Nh4 17. Nd6 Nxf3+ 18. Qxf3 Rc7 19. Qh3 g6 20. Ne4 Nb8 21. Nf6+ Kg7
22. Qxh7# {Black checkmated} 1-0

[Event "Team 45 45 League T43"]
[Site "Internet Chess Club"]
[Date "2009.11.29"]
[Round "5"]
[White "NewfieKnight"]
[Black "LeanSixSigma"]
[Result "0-1"]
[WhiteElo "1286"]
[BlackElo "1425"]
[Opening "Sicilian defense"]
[ECO "B30"]
[Time "16:00:13"]
[TimeControl "2700+45"]

1. e4 c5 2. Nf3 Nc6 3. Bc4 e6 4. c3 Bd6 5. h3 Ne5 6. d4 Nxc4 7. e5 Be7 8. b3 Nb6
9. O-O cxd4 10. cxd4 Nd5 11. Bd2 d6 12. Na3 dxe5 13. Nxe5 Ngf6 14. Nb5 a6 15.
Nc3 Nxc3 16. Bxc3 O-O 17. Nf3 Nd5 18. Bd2 Bf6 19. a4 a5 20. Rc1 Bd7 21. Qe1 b6
22. Kh1 Rc8 23. Ng1 Rxc1 24. Bxc1 Bxd4 25. Ne2 Bf6 26. f3 Bc8 27. Qg3 Ba6 28.
Re1 Bh4 29. Qg4 Bxe1 30. Bh6 Qf6 31. Bg5 Qg6 32. Nf4 Nxf4 33. Qxf4 Bc3 34. Kh2
f6 35. Bxf6 Bxf6 {White resigns} 0-1

[Event "Team 45 45 League T43"]
[Site "Internet Chess Club"]
[Date "2009.11.28"]
[Round "5"]
[White "kabubi"]
[Black "damnwrite"]
[Result "1-0"]
[WhiteElo "1184"]
[BlackElo "1122"]
[Opening "two knights: Max Lange attack"]
[ECO "C55"]
[Time "15:00:19"]
[TimeControl "2700+45"]

1. e4 e5 2. Nf3 Nc6 3. Bc4 Nf6 4. d4 exd4 5. O-O Bc5 6. e5 Ne4 7. Bd5 Nxf2 8.
Bxf7+ Kxf7 9. Ng5+ Qxg5 10. Rxf2+ Kg6 11. Bxg5 d3 12. cxd3 Bxf2+ 13. Kxf2 Kxg5
14. Qd2+ Kf5 15. d4 d5 16. Nc3 Ke6 17. Nb5 Rf8+ 18. Kg1 Kd7 19. Re1 a6 20. e6+
Kd8 21. Qg5+ Ne7 22. Qxg7 Rg8 23. Qxh7 axb5 24. Qf7 Rxa2 25. g4 Rxg4+ 26. Kh1
Rg8 27. Rg1 Rxg1+ 28. Kxg1 Bxe6 29. Qxe6 Rxb2 30. h4 Rb4 31. h5 Rxd4 32. h6 Rh4
33. Qf6 Rg4+ 34. Kf1 Rg6 35. Qf8+ Kd7 36. h7 Rg5 37. h8=Q Rf5+ 38. Qxf5+ Nxf5
39. Qh7+ Ne7 40. Ke2 c5 41. Qc2 c4 42. Qc3 Nc6 43. Qh3+ Kd6 44. Qg3+ Kc5 45. Qg7
Nd4+ 46. Kd2 Nb3+ 47. Kc2 b6 48. Qe7+ Kd4 49. Qb4 Na1+ 50. Kb2 Nb3 51. Qxb5 Kd3
52. Qxd5+ Nd4 53. Qh1 c3+ 54. Ka2 b5 55. Qf1+ Kd2 56. Qf4+ Kd3 57. Qf1+ Kc2 58.
Qf2+ Kd3 59. Qf1+ Ne2 60. Qf5+ Kc4 61. Qc8+ Kd3 62. Qd7+ Kc4 63. Qg4+ Kd3 64.
Qd7+ Kc4 65. Qg4+ Nd4 66. Qc8+ Kd3 67. Qh3+ Kd2 68. Qg2+ Ne2 69. Qg5+ Kd1 70.
Qxb5 c2 71. Qd3+ Kc1 72. Kb3 Nd4+ 73. Qxd4 Kb1 74. Qb2# {Black checkmated} 1-0

[Event "Team 45 45 League T43"]
[Site "Internet Chess Club"]
[Date "2009.11.29"]
[Round "5"]
[White "dxf"]
[Black "jjaillet2007"]
[Result "1-0"]
[WhiteElo "1222"]
[BlackElo "1260"]
[Opening "French defense"]
[ECO "C00"]
[Time "17:01:13"]
[TimeControl "2700+45"]

1. e4 e6 2. Nf3 d5 3. e5 c5 4. d3 Nc6 5. Be2 f6 6. d4 fxe5 7. dxe5 Nge7 8. Bg5
h6 9. Bh4 Qa5+ 10. c3 Nf5 11. O-O Be7 12. Bxe7 Ncxe7 13. Nbd2 O-O 14. Nb3 Qc7
15. Bd3 c4 16. Bxf5 Nxf5 17. Nbd4 Qf7 18. Qc2 Nxd4 19. cxd4 Qf5 20. Qa4 Qg4 21.
Qd1 b5 22. Rc1 Bb7 23. Re1 Rac8 24. Re3 Rf4 25. h3 Qh5 26. Qd2 Re4 27. Qa5 Rxe3
28. fxe3 a6 29. Qb6 Qf7 30. Rf1 Rc6 31. Qa5 Qc7 32. Qc3 a5 33. a3 Rb6 34. Qxa5
Qc6 35. Nh4 Kh7 36. Rf8 Ba6 37. Qc3 b4 38. Qc2+ g6 39. Qxg6# {Black checkmated}
1-0

[Event "Team 45 45 League T43"]
[Site "Internet Chess Club"]
[Date "2009.11.29"]
[Round "5"]
[White "PsyMar"]
[Black "theartist"]
[Result "0-1"]
[WhiteElo "1088"]
[BlackElo "1159"]
[Opening "French: advance, Euwe variation"]
[ECO "C02"]
[Time "12:29:52"]
[TimeControl "2700+45"]

1. e4 e6 2. d4 d5 3. e5 c5 4. c3 Nc6 5. Nf3 Bd7 6. Bb5 a6 7. Bxc6 Bxc6 8. O-O
Nh6 9. Be3 Nf5 10. Nbd2 Nxe3 11. fxe3 c4 12. b3 b5 13. h4 h6 14. Qe1 Qe7 15. g3
f5 16. exf6 gxf6 17. e4 O-O-O 18. g4 Qg7 19. Qg3 Rg8 20. Nh2 Bd6 21. e5 Be7 22.
Rab1 f5 23. Rf4 Be8 24. bxc4 Bh5 25. Ndf1 Bxg4 26. Nxg4 fxg4 27. cxb5 axb5 28.
Rxb5 h5 29. a4 Rd7 30. Rb6 Kc7 31. Rxe6 Ba3 32. Kh2 Bc1 33. Rf5 Qh7 34. Rff6 Qe4
35. Qf2 Qd3 36. Ng3 Qxc3 37. Rc6+ Qxc6 38. Rxc6+ Kxc6 39. Nxh5 Kb6 40. Qe2 Rb7
41. Kg3 Kc7 42. Qc2+ Kb8 43. Qxc1 Rb3+ 44. Kf4 Rf3# {White checkmated} 0-1

[Event "Team 45 45 League T43"]
[Site "Internet Chess Club"]
[Date "2009.11.30"]
[Round "5"]
[White "Visin"]
[Black "RancidTurnip"]
[Result "1-0"]
[WhiteElo "1265"]
[BlackElo "1234"]
[Opening "Sicilian"]
[ECO "B54"]
[Time "15:00:12"]
[TimeControl "2700+45"]

1. e4 c5 2. Nf3 d6 3. d4 cxd4 4. Nxd4 Nc6 5. Nc3 a6 6. Be2 Nf6 7. O-O Qb6 8.
Nxc6 bxc6 9. a3 e6 10. b4 d5 11. exd5 cxd5 12. Be3 Qc6 13. Bd4 Be7 14. Rb1 O-O
15. b5 Qd6 16. a4 e5 17. Bb6 Qxb6 18. bxa6 Qe6 19. Re1 Rd8 20. Nb5 Rd7 21. Nc3
d4 22. Na2 Bxa6 23. Nb4 Bxb4 24. Rxb4 Rb7 25. Qb1 Qe7 26. Rxb7 Bxb7 27. Bb5 Nd5
28. f4 Nxf4 29. g3 Nh3+ 30. Kf1 e4 31. Bd3 e3 32. Ke2 Bd5 33. Qb5 Qb7 34. Qxb7
Bxb7 35. Rb1 Bd5 36. a5 f6 37. Rb5 Bc6 38. Rc5 Rc8 39. Ke1 Ng5 40. a6 Nf3+ 41.
Ke2 Ne5 42. Be4 Nd7 43. Rxc6 Re8 44. a7 Ne5 45. Ra6 Kf7 46. a8=Q Rxa8 47. Rxa8
{Black resigns} 1-0

[Event "Team 45 45 League T43"]
[Site "Internet Chess Club"]
[Date "2009.11.28"]
[Round "5"]
[White "jocooper"]
[Black "Tamarin"]
[Result "0-1"]
[WhiteElo "1142"]
[BlackElo "1327"]
[Opening "QGD: 4.Nf3"]
[ECO "D37"]
[Time "22:00:14"]
[TimeControl "2700+45"]

1. d4 d5 2. c4 Nf6 3. Nf3 e6 4. Nc3 Nc6 5. e3 Bb4 6. a3 Be7 7. Bd3 Bd7 8. O-O
O-O 9. b4 Re8 10. Rb1 b6 11. Ng5 h6 12. Bh7+ Nxh7 13. Nxh7 Kxh7 14. Qc2+ Kg8 15.
cxd5 exd5 16. Nxd5 Bh4 17. Bb2 Rc8 18. Bc3 Ne7 19. Nf4 Bg5 20. Ne2 Nd5 21. Ba1
Bxe3 22. Qb3 Bg4 23. Ng3 Bg5 24. Rbe1 c6 25. Ne4 Bf6 26. Qg3 Qd7 27. Nxf6+ Nxf6
28. h3 Be2 29. Rxe2 Rxe2 30. d5 Qf5 31. Kh2 Ree8 32. d6 Rcd8 33. Rd1 Qg5 34. Qc3
Qf4+ 35. g3 Qxf2+ 36. Kh1 Re2 {White resigns} 0-1

[Event "Team 45 45 League T43"]
[Site "Internet Chess Club"]
[Date "2009.11.27"]
[Round "5"]
[White "dabodhi"]
[Black "Traho"]
[Result "1-0"]
[WhiteElo "1196"]
[BlackElo "1281"]
[Opening "Trompowsky attack (Ruth, Opocenský opening)"]
[ECO "A45"]
[Time "15:03:40"]
[TimeControl "2700+45"]

1. d4 Nf6 2. Bg5 Nc6 3. Bxf6 exf6 4. a3 d5 5. e3 Bd6 6. Bd3 g6 7. Nd2 Ne7 8. c4
c6 9. Ngf3 b6 10. b4 c5 11. Rc1 Be6 12. Qb3 Qd7 13. e4 dxc4 14. Nxc4 b5 15.
Nxd6+ Qxd6 16. Bxb5+ Nc6 17. d5 Qf4 18. Bxc6+ Ke7 19. O-O Rab8 20. dxe6 fxe6 21.
Rxc5 Qd6 22. Re1 Qxc5 23. Qa4 Qb6 24. e5 f5 25. Ng5 Rbc8 26. b5 Qc5 27. Rd1 Rhd8
28. Qb3 Rxd1+ 29. Qxd1 Rd8 30. Qxd8+ Kxd8 31. Nxe6+ Ke7 32. Nxc5 {Black resigns}
1-0

[Event "Team 45 45 League T43"]
[Site "Internet Chess Club"]
[Date "2009.11.28"]
[Round "5"]
[White "Toalla"]
[Black "otib2006"]
[Result "0-1"]
[WhiteElo "1174"]
[BlackElo "1381"]
[Opening "Nimzovich-Larsen attack: Indian variation"]
[ECO "A01"]
[Time "16:02:49"]
[TimeControl "2700+45"]

1. b3 Nf6 2. Bb2 g6 3. e3 e6 4. Nf3 Be7 5. Be2 d5 6. O-O O-O 7. Ne5 Nbd7 8. f4
Nxe5 9. fxe5 Ne4 10. d3 Ng5 11. Nd2 b6 12. Nf3 Nxf3+ 13. Bxf3 c5 14. d4 cxd4 15.
exd4 b5 16. c4 bxc4 17. bxc4 Rb8 18. Bc1 Ba6 19. Bh6 Re8 20. Be2 Bxc4 21. Bxc4
dxc4 22. Qf3 Qxd4+ 23. Kh1 f6 24. Rae1 f5 25. Qd1 Qxd1 26. Rxd1 Rb2 27. a3 Bxa3
{White resigns} 0-1

[Event "Team 45 45 League T43"]
[Site "Internet Chess Club"]
[Date "2009.11.27"]
[Round "5"]
[White "farbror"]
[Black "Newcastler"]
[Result "1-0"]
[WhiteElo "1266"]
[BlackElo "1306"]
[Opening "Queen's pawn: Yusupov-Rubinstein system"]
[ECO "A46"]
[Time "15:30:24"]
[TimeControl "2700+45"]

1. d4 Nf6 2. Nf3 e6 3. e3 b6 4. Bd3 Bb7 5. Nbd2 c5 6. c3 d5 7. O-O Bd6 8. Ne5
Nc6 9. f4 O-O 10. Qe1 Be7 11. Ndf3 Nd7 12. Nxd7 Qxd7 13. Ne5 Nxe5 14. fxe5 Qd8
15. Rf3 f5 16. exf6 Bxf6 17. Rh3 g6 18. e4 Qe8 19. e5 Bd8 20. Bh6 Rf7 21. Qe2 a5
22. Rf1 Bc8 23. Rhf3 Raa7 24. Bb5 Bd7 25. Rxf7 Qxf7 26. Rxf7 Kxf7 27. Qf3+
{Black resigns} 1-0

[Event "Team 45 45 League T43"]
[Site "Internet Chess Club"]
[Date "2009.11.29"]
[Round "5"]
[White "ffplayer"]
[Black "Cicero"]
[Result "0-1"]
[WhiteElo "1058"]
[BlackElo "1184"]
[Opening "QGD: 4.Bg5 Nbd7"]
[ECO "D51"]
[Time "17:00:17"]
[TimeControl "2700+45"]

1. d4 d5 2. c4 e6 3. Nc3 Nf6 4. Bg5 Nbd7 5. Nf3 b6 6. cxd5 exd5 7. Nxd5 Bb7 8.
Nxf6+ gxf6 9. Bh4 Bd6 10. a3 Qe7 11. e3 O-O-O 12. Be2 Rhg8 13. O-O Qf8 14. Bg3
Be7 15. Qc2 Bd6 16. Bxd6 Qxd6 17. g3 h5 18. Nh4 Qe6 19. Bf3 Bxf3 20. Nxf3 h4 21.
Nxh4 Kb8 22. Qf5 Qc6 23. Rfc1 Qb7 24. Qf3 Qc8 25. Nf5 Qa6 26. Ne7 Rde8 27. Nxg8
Rxg8 28. b4 f5 29. Qxf5 Qc8 30. Qxf7 Rf8 31. Qa2 Nf6 32. d5 Ne4 33. Rf1 Ng5 34.
Rac1 Nf3+ 35. Kh1 Qh3 36. Qc2 Qxh2# {White checkmated} 0-1

[Event "Team 45 45 League T43"]
[Site "Internet Chess Club"]
[Date "2009.11.30"]
[Round "5"]
[White "dornoch"]
[Black "carolinaknight"]
[Result "0-1"]
[WhiteElo "978"]
[BlackElo "1109"]
[Opening "French defense"]
[ECO "C00"]
[Time "10:00:21"]
[TimeControl "2700+45"]

1. e4 e6 2. Nf3 d5 3. exd5 exd5 4. d4 Bd6 5. Nc3 c6 6. Bd3 Ne7 7. Bg5 f6 8. Be3
Bf5 9. Bxf5 Nxf5 10. Qe2 O-O 11. O-O Re8 12. Qd3 Nxe3 13. fxe3 Nd7 14. e4 Nb6
15. b3 Bb4 16. e5 fxe5 17. Nxe5 Rf8 18. Rxf8+ Qxf8 19. Rf1 Qe7 20. Nd1 Bd6 21.
Rf7 Qg5 22. Qf5 Qc1 23. Nd7 Qxd1+ 24. Kf2 Qd2+ 25. Kf1 Re8 26. Rxg7+ Kxg7 27.
Qf6+ Kg8 {White resigns} 0-1

[Event "Team 45 45 League T43"]
[Site "Internet Chess Club"]
[Date "2009.11.29"]
[Round "5"]
[White "zepled37"]
[Black "AVEMARIA"]
[Result "0-1"]
[WhiteElo "1721"]
[BlackElo "1738"]
[Opening "French: advance, Paulsen attack"]
[ECO "C02"]
[Time "17:03:34"]
[TimeControl "2700+45"]

1. e4 e6 2. d4 d5 3. e5 c5 4. c3 Nc6 5. Nf3 Qb6 6. Be2 cxd4 7. cxd4 Nh6 8. Nc3
Nf5 9. Na4 Bb4+ 10. Bd2 Qa5 11. Bc3 Bxc3+ 12. bxc3 Bd7 13. Nb2 Qxc3+ 14. Qd2
Qxd2+ 15. Nxd2 Nfxd4 {White resigns} 0-1

[Event "Team 45 45 League T43"]
[Site "Internet Chess Club"]
[Date "2009.11.29"]
[Round "5"]
[White "GadsHill"]
[Black "bmw2002"]
[Result "0-1"]
[WhiteElo "1544"]
[BlackElo "1604"]
[Opening "King's Indian: Petrosian system, Stein variation"]
[ECO "E92"]
[Time "09:02:11"]
[TimeControl "2700+45"]

1. d4 Nf6 2. c4 g6 3. Nc3 Bg7 4. e4 d6 5. Nf3 O-O 6. Be2 e5 7. d5 a5 8. Bg5 h6
9. Bh4 Na6 10. O-O g5 11. Bg3 Nh5 12. Nd2 Nxg3 13. hxg3 f5 14. a3 c5 15. dxc6
bxc6 16. b4 Bb7 17. Qb3 Kh8 18. exf5 Rxf5 19. Bg4 Rf8 20. Rab1 axb4 21. axb4 d5
22. cxd5 cxd5 23. Rfe1 Nc7 24. Rbd1 Qf6 25. Re2 e4 26. Ndb1 d4 27. Nxe4 Bxe4 28.
Rxe4 Qxf2+ 29. Kh2 Nb5 30. Rde1 Ra2 31. Bf3 Nc3 {White forfeits on time} 0-1

[Event "Team 45 45 League T43"]
[Site "Internet Chess Club"]
[Date "2009.11.29"]
[Round "5"]
[White "BrerRabbit"]
[Black "jericho121"]
[Result "1/2-1/2"]
[WhiteElo "1542"]
[BlackElo "1496"]
[Opening "English, 1...Nf6 (Anglo-Indian defense)"]
[ECO "A15"]
[Time "15:00:38"]
[TimeControl "2700+45"]

1. c4 Nf6 2. g3 g6 3. Bg2 Bg7 4. Nc3 d6 5. d3 O-O 6. Bg5 c5 7. Nf3 Nc6 8. O-O h6
9. Be3 Bg4 10. Rb1 Rb8 11. a3 a6 12. Qc1 Kh7 13. b4 cxb4 14. axb4 Qc8 15. b5
axb5 16. Rxb5 Bh3 17. Qc2 Bxg2 18. Kxg2 Ng4 19. Bd2 Nge5 20. Rfb1 Nxf3 21. exf3
Nd4 22. Qc1 Nxb5 23. Rxb5 e6 24. Bf4 e5 25. Be3 Qc6 26. Nd5 f5 27. Rb6 Qd7 28.
Bd2 e4 29. fxe4 fxe4 30. dxe4 Qg4 31. Rxd6 Qf3+ 32. Kh3 Qh5+ 33. Kg2 Qf3+ 34.
Kh3 Qh5+ 35. Kg2 Qf3+ {Game drawn by repetition} 1/2-1/2

[Event "Team 45 45 League T43"]
[Site "Internet Chess Club"]
[Date "2009.11.28"]
[Round "5"]
[White "AngryPirate"]
[Black "sly20"]
[Result "1-0"]
[WhiteElo "1497"]
[BlackElo "1527"]
[Opening "Caro-Kann: Steinitz variation"]
[ECO "B17"]
[Time "13:02:36"]
[TimeControl "2700+45"]

1. e4 c6 2. d4 d5 3. Nc3 dxe4 4. Nxe4 Nd7 5. Nf3 Ngf6 6. Bd3 Nxe4 7. Bxe4 Nf6 8.
Bd3 c5 9. dxc5 e6 10. b4 b6 11. Bb5+ Bd7 12. c6 Bxb4+ 13. Kf1 O-O 14. cxd7 a6
15. Bc6 Rc8 16. Bb7 Rc7 17. Bxa6 Rxd7 18. Bd3 Bc3 19. Ba3 Bxa1 20. Bxf8 Kxf8 21.
Qxa1 Ne4 22. g3 f6 23. Kg2 Nc5 24. Be2 Qa8 25. Rd1 Re7 26. Bc4 e5 27. Bd5 Qa4
28. Bb3 Qa8 29. Qc3 e4 30. Ne1 e3+ 31. Bd5 e2 32. Rd3 Qd8 33. Rd4 Qe8 34. a4
Nxa4 35. Rxa4 Qxa4 36. Qc8+ Qe8 37. Qxe8+ Rxe8 38. Bc4 g5 39. f3 f5 40. Kf2 f4
41. Bxe2 fxg3+ 42. hxg3 Kf7 43. f4 gxf4 44. Bh5+ Ke7 45. Bxe8 Kxe8 46. gxf4 Kf7
47. Nf3 h5 48. Kg3 Ke6 49. Kh4 Kf5 50. Kg3 b5 51. c3 Kf6 52. Nd4 Kg6 53. Nxb5
Kf5 54. Nd4+ Kf6 55. Kh4 Kg6 56. c4 Kh6 57. c5 {Black resigns} 1-0

[Event "Team 45 45 League T43"]
[Site "Internet Chess Club"]
[Date "2009.11.28"]
[Round "5"]
[White "Salvatore"]
[Black "oldsj"]
[Result "1-0"]
[WhiteElo "1667"]
[BlackElo "1574"]
[Opening "Queen's pawn game"]
[ECO "A45"]
[Time "09:16:53"]
[TimeControl "2700+45"]

1. d4 Nf6 2. Nc3 g6 3. Bg5 Bg7 4. Qd2 d6 5. h3 Be6 6. Bh6 Bxh6 7. Qxh6 c5 8. Nf3
Qb6 9. O-O-O Nbd7 10. e4 cxd4 11. Nxd4 Ne5 12. Nxe6 fxe6 13. Bb5+ Nc6 14. e5 Nd7
15. exd6 exd6 16. Qg5 O-O 17. Rhf1 Rf5 18. Qg4 Nce5 19. Qe2 Nc5 20. f4 Nf7 21.
g4 Rf6 22. b4 Rc8 23. bxc5 Rxc5 24. Ne4 Rxb5 25. Nxf6+ Kg7 26. Ne4 Rb1+ 27. Kd2
Qb4+ 28. Ke3 Qb6+ 29. Kf3 Rb4 30. Kg2 Qc6 31. Rfe1 d5 32. Nf2 Rxf4 33. Qxe6 Qc7
34. Rxd5 Qxc2 35. Re2 Qa4 36. Rd7 Rxf2+ 37. Rxf2 {Black resigns} 1-0

[Event "Team 45 45 League T43"]
[Site "Internet Chess Club"]
[Date "2009.11.30"]
[Round "5"]
[White "dscvdchk"]
[Black "Just-Jim"]
[Result "1-0"]
[WhiteElo "1602"]
[BlackElo "1497"]
[Opening "QGD Slav defense"]
[ECO "D10"]
[Time "12:03:15"]
[TimeControl "2700+45"]

1. d4 d5 2. c4 c6 3. Nc3 Bf5 4. cxd5 cxd5 5. Nf3 h6 6. e3 Nf6 7. Bd3 Bxd3 8.
Qxd3 e6 9. O-O Be7 10. Re1 O-O 11. h3 Bb4 12. a3 Bxc3 13. bxc3 Nbd7 14. c4 b6
15. cxd5 exd5 16. Bb2 Re8 17. Nd2 Ne4 18. Nxe4 dxe4 19. Qd2 Qg5 20. Rac1 Re6 21.
Kh2 Rd8 22. Qc2 Rg6 23. Rg1 f5 24. Qc4+ Kh7 25. Qe2 f4 26. exf4 Qxf4+ 27. g3 Qf3
28. Qe3 Rf6 29. Rc2 Qxe3 30. fxe3 Rdf8 31. Re2 Rf2+ 32. Rg2 Rxg2+ 33. Kxg2 Nf6
34. Rf2 Kg8 35. a4 Nd5 36. Rxf8+ Kxf8 37. Kf2 Nb4 38. Ba3 a5 39. Ke2 Kf7 40.
Bxb4 axb4 41. Kd2 Ke6 42. Kc2 b3+ 43. Kxb3 Kd6 44. Kc4 Kc6 45. d5+ Kd6 46. Kd4
g5 47. Kxe4 h5 48. Kd4 Kc7 49. e4 g4 50. hxg4 hxg4 51. e5 Kd7 52. Kc4 Ke7 53.
Kb5 Kd7 54. Kxb6 {Black resigns} 1-0

[Event "Team 45 45 League T43"]
[Site "Internet Chess Club"]
[Date "2009.11.29"]
[Round "5"]
[White "beerss"]
[Black "milesotoole"]
[Result "1-0"]
[WhiteElo "1337"]
[BlackElo "1258"]
[Opening "Bird's opening"]
[ECO "A03"]
[Time "21:36:37"]
[TimeControl "2700+45"]

1. f4 d5 2. Nf3 c5 3. e3 Nc6 4. Bb5 Bg4 5. Bxc6+ bxc6 6. O-O e6 7. b3 Nf6 8. d3
Be7 9. Bb2 O-O 10. Nbd2 Qd7 11. Qe1 Rab8 12. Qg3 Bf5 13. Ne5 Qc7 14. Ndf3 c4 15.
Rab1 cxd3 16. cxd3 Qb6 17. Rfe1 Rb7 18. Nd4 Rc8 19. Nxf5 exf5 20. Kh1 Bf8 21.
Nf3 Be7 22. Nd4 g6 23. Nxf5 Kf8 24. Nxe7 Rxe7 25. Bxf6 Rxe3 26. Rxe3 Qa6 27. Qh3
Rb8 28. Qxh7 {Black resigns} 1-0

[Event "Team 45 45 League T43"]
[Site "Internet Chess Club"]
[Date "2009.11.29"]
[Round "5"]
[White "Shiri2000"]
[Black "orrgroup"]
[Result "1-0"]
[WhiteElo "1484"]
[BlackElo "1383"]
[Opening "Caro-Kann: advance variation"]
[ECO "B12"]
[Time "08:00:55"]
[TimeControl "2700+45"]

1. e4 c6 2. d4 d5 3. e5 e6 4. Nf3 h6 5. Nc3 Ne7 6. Bd3 Ng6 7. O-O Be7 8. Be3 O-O
9. Nd2 f5 10. Qh5 Qe8 11. Nf3 f4 12. Bxg6 Qd8 13. Bd2 c5 14. Ne2 Bd7 15. Bxf4
Bb5 16. Bxh6 Be8 17. Bxg7 Bxg6 18. Qxg6 Rf7 19. Bf6+ Kf8 20. Qh6+ Ke8 21. Qh8+
Rf8 22. Qh5+ Rf7 23. Bxe7 Qxe7 24. Ng5 Nd7 25. Nxf7 Qxf7 26. Qxf7+ Kxf7 27. h4
cxd4 28. Nxd4 Nxe5 29. f4 Ng6 30. h5 Ne7 31. g4 Rg8 32. g5 Rh8 33. Rf3 Rxh5 34.
Rg3 Ng6 35. Rf1 Ke7 36. f5 exf5 37. Nxf5+ Kd7 38. Kg2 Ne5 39. g6 Rh8 40. g7 Nc4
{Black resigns} 1-0

[Event "Team 45 45 League T43"]
[Site "Internet Chess Club"]
[Date "2009.11.28"]
[Round "5"]
[White "The-Capitalist"]
[Black "JimGaming"]
[Result "1-0"]
[WhiteElo "1316"]
[BlackElo "1273"]
[Opening "Sicilian: Hungarian variation"]
[ECO "B27"]
[Time "14:03:30"]
[TimeControl "2700+45"]

1. e4 c5 2. Nf3 g6 3. d4 cxd4 4. Qxd4 Nf6 5. Nc3 Nc6 6. Qd3 d6 7. Be2 Bg7 8. O-O
O-O 9. Nd5 Nxd5 10. exd5 Ne5 11. Nxe5 Bxe5 12. f4 Bg7 13. Qb3 f5 14. Be3 b6 15.
Rad1 Rb8 16. c3 Re8 17. Bb5 Rf8 18. Bd4 Bxd4+ 19. Rxd4 a6 20. Bd3 b5 21. Re1 Re8
22. Qd1 e5 23. dxe6 Bxe6 24. b3 Qc7 25. Qd2 d5 26. Rc1 Qc5 27. b4 Qb6 28. Kh1
Rbc8 29. a3 Bf7 30. Qf2 Rc6 31. Qd2 Rce6 32. Rxd5 Qe3 33. Bf1 Qxd2 34. Rxd2 Re1
35. Rdd1 R1e4 36. g3 h5 37. Bg2 Re3 38. Kg1 Bc4 39. Bc6 Rc8 40. Bb7 Rce8 41.
Bxa6 Bb3 42. Rd6 Re1+ 43. Rxe1 Rxe1+ 44. Kf2 Re6 45. Rxe6 Bxe6 46. Bxb5 Kg7 47.
a4 Bd5 48. c4 Bh1 49. a5 Kf6 50. a6 g5 51. fxg5+ Kxg5 52. c5 f4 53. gxf4+ Kxf4
54. c6 h4 55. c7 {Black resigns} 1-0

[Event "Team 45 45 League T43"]
[Site "Internet Chess Club"]
[Date "2009.11.28"]
[Round "5"]
[White "MeansToAnEnd"]
[Black "Skylab"]
[Result "0-1"]
[WhiteElo "1115"]
[BlackElo "1295"]
[Opening "Four knights: Italian variation"]
[ECO "C47"]
[Time "14:03:10"]
[TimeControl "2700+45"]

1. e4 e5 2. Nf3 Nc6 3. Nc3 Nf6 4. Bc4 Bb4 5. a3 Bxc3 6. bxc3 O-O 7. O-O d5 8.
exd5 Nxd5 9. Re1 Re8 10. Bxd5 Qxd5 11. Re3 Bg4 12. Qe1 Bxf3 13. Rxf3 Re6 14. d3
Rae8 15. Rb1 b6 16. c4 Qd6 17. c3 e4 18. Bf4 Qe7 19. dxe4 Rxe4 20. Be3 Rxc4 21.
h3 h6 22. Rg3 Kh8 23. Qd2 Rd8 24. Qc2 Re4 25. Kf1 Na5 26. Bd4 f6 27. f3 Re6 28.
Qg6 Re8 29. Bf2 Nc4 30. Rd1 Ne3+ {White resigns} 0-1

[Event "Team 45 45 League T43"]
[Site "Internet Chess Club"]
[Date "2009.11.28"]
[Round "5"]
[White "WhoHuhWhat"]
[Black "sere"]
[Result "1-0"]
[WhiteElo "1096"]
[BlackElo "1069"]
[Opening "English: Caro-Kann defensive system"]
[ECO "A11"]
[Time "11:04:22"]
[TimeControl "2700+45"]

1. c4 c6 2. g3 d5 3. cxd5 cxd5 4. d4 Nc6 5. Bg2 Nf6 6. Nc3 Bf5 7. Nf3 e6 8. Nh4
Bd6 9. Nxf5 exf5 10. O-O O-O 11. Nxd5 Nxd5 12. Bxd5 Bxg3 13. Bxc6 Bxh2+ 14. Kxh2
bxc6 15. e3 Qh4+ 16. Kg2 Qe4+ 17. Qf3 Qe7 18. Qxc6 {Black resigns} 1-0

[Event "Team 45 45 League T43"]
[Site "Internet Chess Club"]
[Date "2009.11.29"]
[Round "5"]
[White "MateIn42"]
[Black "SeniorCitizen"]
[Result "1/2-1/2"]
[WhiteElo "1396"]
[BlackElo "1299"]
[Opening "French defense"]
[ECO "C00"]
[Time "15:00:32"]
[TimeControl "2700+45"]

1. e4 e6 2. g3 d5 3. Bg2 Nf6 4. Nc3 Bb4 5. Nge2 O-O 6. a3 Bxc3 7. Nxc3 Nxe4 8.
Nxe4 dxe4 9. Bxe4 f5 10. Bg2 Nd7 11. d4 c6 12. O-O Nf6 13. Re1 Bd7 14. Bf4 Qb6
15. b3 Rf7 16. c4 Re8 17. Be3 Qd8 18. h3 a6 19. d5 exd5 20. cxd5 Nxd5 21. Bxd5
cxd5 22. Qxd5 Bc6 23. Qc4 Qd5 24. Qxd5 Bxd5 25. b4 h6 26. Red1 Bc6 27. Rd6 Kh7
28. Rad1 Ree7 29. Bc5 Rd7 30. Rxd7 Rxd7 31. Rxd7 Bxd7 32. f3 Kg6 33. Bd6 Kf7 34.
Kf2 g5 35. h4 g4 36. fxg4 fxg4 37. Ke3 h5 38. Kf4 Kg6 39. Ke5 Kf7 40. Bc7 Bc6
41. Kf5 Be8 42. Kg5 Ke6 43. Bb6 Kd5 44. Kf6 Kc4 45. Ke7 Bc6 46. Be3 Kb3 47. Bc1
Ka4 48. Kf6 a5 49. bxa5 Kxa5 50. Ke5 b5 51. Bd2+ Kb6 52. Bb4 Kb7 53. Ke6 Kc8 54.
Kd6 Be8 55. Ke7 Bg6 56. Kd6 Be8 57. Bc5 Bg6 58. Ke7 Kb7 59. Bd6 Kc6 60. Kf6 Be8
61. Bb4 Kc7 {Game drawn by mutual agreement} 1/2-1/2

[Event "Team 45 45 League T43"]
[Site "Internet Chess Club"]
[Date "2009.11.27"]
[Round "5"]
[White "KingOfHearts"]
[Black "kingsrook"]
[Result "1-0"]
[WhiteElo "1270"]
[BlackElo "1322"]
[Opening "Caro-Kann: advance variation"]
[ECO "B12"]
[Time "19:00:19"]
[TimeControl "2700+45"]

1. e4 c6 2. d4 d5 3. e5 c5 4. dxc5 e6 5. b4 Nc6 6. a3 Nxe5 7. Nf3 Ng6 8. Be2 Nf6
9. Bb2 Be7 10. c4 O-O 11. Nc3 Nf4 12. O-O Nxe2+ 13. Qxe2 dxc4 14. Qxc4 Qc7 15.
h3 Rd8 16. Rae1 Bd7 17. Ne4 Nxe4 18. Rxe4 Bc6 19. Rg4 g6 20. Qc3 Bf8 21. Qh8#
{Black checkmated} 1-0

[Event "Team 45 45 League T43"]
[Site "Internet Chess Club"]
[Date "2009.11.30"]
[Round "5"]
[White "carambola"]
[Black "chips"]
[Result "1-0"]
[WhiteElo "1233"]
[BlackElo "1176"]
[Opening "QGD semi-Slav"]
[ECO "D43"]
[Time "15:00:34"]
[TimeControl "2700+45"]

1. d4 d5 2. Nf3 c6 3. c4 Nf6 4. Nc3 e6 5. e4 dxe4 6. Ne5 c5 7. Be3 cxd4 8. Qxd4
Qxd4 9. Bxd4 Be7 10. Be2 O-O 11. Nb5 a6 12. Nc7 Rd8 13. O-O-O Rxd4 14. Nxa8
Rxd1+ 15. Rxd1 Nfd7 16. Nxd7 Nxd7 17. a3 Bc5 18. f4 Be3+ 19. Kc2 Kf8 20. g4 Bxf4
21. h4 Bg3 22. h5 Ke7 23. b4 Nf6 24. Nb6 Bd7 25. g5 {Black resigns} 1-0